 Dungeon Crawl Stone Soup version 0.24.0-13-gcf9b3192b9 (webtiles) character file.

Game seed: 1734725162529567685, levelgen mode: deterministic

1554 Satanymous the Skirmisher (level 8, -37/83 HPs)
             Began as a Troll Berserker on Nov 10, 2019.
             Was a Priest of Trog.
             Annihilated by a white ugly thing (45 damage)
             ... on level 7 of the Dungeon.
             The game lasted 00:19:14 (4046 turns).

Satanymous the Skirmisher (Troll Berserker)         Turns: 4046, Time: 00:19:15

Health: -37/83     AC:  8    Str: 26    XL:     8   Next: 57%
Magic:  7/7        EV: 11    Int:  6    God:    Trog [***...]
Gold:   239        SH:  0    Dex: 11    Spells: 7/7 levels left

rFire    + . .     SeeInvis .     - Unarmed
rCold    x . .     Gourm    +   (no shield)
rNeg     . . .     Faith    .   a - +0 animal skin
rPois    .         Spirit   .   (helmet restricted)
rElec    .         Reflect  .   G - +1 cloak {MR+}
rCorr    .         Harm     .   (gloves unavailable)
MR       +....                  (boots unavailable)
Stlth    +.........             (no amulet)
HPRegen  1.03/turn              C - ring of fire
MPRegen  0.10/turn              z - +3 ring of intelligence

@: no status effects
A: large, unfitting armour, claws 3, fast metabolism 3, gourmand, mutation
resistance 1, regeneration 2, shaggy fur 1, tough skin 3, no potion heal 1
a: Berserk, Trog's Hand, Renounce Religion


You were on level 7 of the Dungeon.
You worshipped Trog.
Trog was most pleased with you.
You were not hungry.

You visited 1 branch of the dungeon, and saw 7 of its levels.
You also visited: Ossuary.

You collected 239 gold pieces.

Inventory:

Hand Weapons
 g - a +0 hunting sling
 j - a +0 hand axe
 D - a +0 hunting sling
 F - a +4 quarterstaff of chaos
Missiles
 d - 30 bolts
 e - 77 arrows
 f - 180 stones (quivered)
 J - a throwing net
Armour
 a - a +0 animal skin (worn)
 o - a +3 large shield
 G - a +1 cloak of magic resistance (worn)
Jewellery
 t - an uncursed ring of fire
 z - a +3 ring of intelligence (right claw)
 C - a ring of fire (left claw)
 I - an uncursed ring of flight
Wands
 m - a wand of flame (28)
 n - a wand of scattershot (6)
 H - a wand of paralysis (11)
Scrolls
 c - 6 scrolls of remove curse
 l - 2 scrolls of amnesia
 p - a scroll of magic mapping {unknown}
 q - 2 scrolls of enchant armour
 v - 2 scrolls of teleportation
 y - a scroll of immolation {unknown}
 B - a scroll of fear
Potions
 h - 3 potions of degeneration
 i - 2 potions of flight
 k - 2 potions of agility {unknown}
 r - 2 potions of mutation
 s - a potion of might {unknown}
 u - 3 potions of curing
 w - 2 potions of lignification {unknown}
 x - a potion of ambrosia {unknown}
 A - 2 potions of brilliance {unknown}
 E - a potion of heal wounds {unknown}
Comestibles
 b - 3 rations


   Skills:
 * Level 6.1 Fighting
 - Level 2.9 Axes
 - Level 2.5 Armour
 + Level 4.6 Dodging
 - Level 1.6 Shields
 + Level 5.0 Unarmed Combat


You had 7 spell levels left.
You didn't know any spells.
Your spell library was empty.

Dungeon Overview and Level Annotations

Branches:
Dungeon (7/15)             Temple (0/1) D:5         Ossuary (visited)

Altars:
Ashenzari
Elyvilon
Fedhas
Qazlal
Ru
Xom
Zin

Annotations:
D:5 2 transporters, pantherbaby's ghost, novice GrFi


Innate Abilities, Weirdness & Mutations

You are too large for most types of armour.
You have claws for hands.
Your metabolism is lightning-fast.
You like to eat raw meat.
You heal very quickly.
You are covered in fur. (AC +1)
You have extremely tough skin. (AC +3)
You are somewhat resistant to further mutation.
Potions are less effective at restoring your health.


Message History

You recover from your berserk rage.
Found a spear.
A white ugly thing comes into view.
The white ugly thing gurgles horribly!
You scratch the white ugly thing.
The white ugly thing is lightly wounded.
The white ugly thing tentacle-slaps you!
The white ugly thing freezes you!!
You feel a terrible chill!
You scratch the white ugly thing.
The white ugly thing is lightly wounded.
The white ugly thing tentacle-slaps you.
The white ugly thing freezes you!!!
You feel a terrible chill!
Ouch! That really hurt!
* * * LOW HITPOINT WARNING * * *
The white ugly thing tentacle-slaps you but does no damage.
The white ugly thing tentacle-slaps you!
* * * LOW HITPOINT WARNING * * *
The white ugly thing freezes you!!!
You feel a terrible chill!
Ouch! That really hurt!
You die...

######...####..# #..# #
#........# ##.# #..# #
#........## #.# #..# #
##....#...## #.###..# #
##.#####..###..##..# #
##### ##..##..##..#
#####...## ##.........#
.........###
#........##
....####...###..@u...##
...## ###......##...#
#### ####...###..# ###
##..# #.##
#.############..# #.#
....<..........## #.##
........######## ##..#
######### ##...#
##....#


You could see a white ugly thing.

Vanquished Creatures
  Eustachio (D:5)
  An orc warrior (D:6)
  3 sky beasts
  2 bullfrogs (D:6)
  A scorpion (D:6)
  A howler monkey (D:6)
  4 crimson imps
  A bullfrog zombie (D:7)
  A centaur zombie (D:5)
  A human zombie (Ossuary)
  2 bullfrog skeletons (D:6)
  4 orc wizards
  Crazy Yiuf (D:4)
  2 iguanas (D:4)
  4 worker ants
  Natasha (D:3)
  A big kobold zombie (Ossuary)
  4 mummies (Ossuary)
  A worker ant zombie (D:5)
  A gnoll (D:1)
  2 howler monkey skeletons
  4 adders
  A shadow imp (D:5)
  An adder skeleton (D:4)
  A worm (D:4)
  A leopard gecko (D:4)
  10 orcs
  A giant cockroach (D:5)
  2 gnoll zombies (Ossuary)
  8 goblins
  3 hobgoblins
  11 jackals
  3 kobolds
  2 quokkas
  6 bats
  A frilled lizard (D:1)
  A goblin zombie (Ossuary)
  A hobgoblin zombie (Ossuary)
  A jackal skeleton (D:4)
  A kobold zombie (Ossuary)
  A leopard gecko skeleton (D:5)
  An orc zombie (Ossuary)
  4 rats
104 creatures vanquished.

Notes
Turn   | Place    | Note
-------+----------+-------------------------------------------
     0 | D:1      | Satanymous the Troll Berserker began the quest for the Orb.
     0 | D:1      | Reached XP level 1. HP: 22/22 MP: 0/0
    55 | D:1      | Reached XP level 2. HP: 26/29 MP: 1/1
   515 | D:1      | Reached XP level 3. HP: 26/36 MP: 2/2
   520 | D:1      | You fall into a shaft and drop 1 floor!
   526 | D:2      | Reached skill level 3 in Fighting
   534 | D:2      | Reached skill level 1 in Armour
   600 | D:2      | Found a stormy altar of Qazlal.
   685 | D:2      | Found a shimmering altar of Xom.
   685 | D:2      | Found a shimmering altar of Xom.
   690 | D:2      | Found a shimmering altar of Xom.
   692 | D:2      | Found a shimmering altar of Xom.
   706 | D:2      | Reached ** piety under Trog
   738 | D:2      | Reached XP level 4. HP: 45/45 MP: 3/3
   806 | D:2      | You fall into a shaft and drop 1 floor!
   856 | D:3      | Noticed Natasha
   862 | D:3      | Killed Natasha
   978 | D:3      | You fall into a shaft and drop 3 floors!
   998 | D:6      | Reached XP level 5. HP: 51/53 MP: 4/4
  1133 | D:6      | Reached skill level 4 in Fighting
  1191 | D:6      | Reached XP level 6. HP: 56/62 MP: 5/5
  1224 | D:6      | Found a sand-covered staircase.
  1229 | Ossuary  | Entered an ossuary
  1418 | Ossuary  | Reached *** piety under Trog
  1554 | D:5      | Entered Level 5 of the Dungeon
  1555 | D:5      | Noticed a sky beast
  1571 | D:5      | Killed a sky beast
  1571 | D:5      | Reached skill level 1 in Axes
  1571 | D:5      | Reached XP level 7. HP: 71/71 MP: 6/6
  1789 | D:5      | Noticed Eustachio
  1805 | D:5      | Killed Eustachio
  1834 | D:5      | Gained mutation: You heal very quickly. [potion of
                  | mutation]
  1834 | D:5      | Gained mutation: Potions are less effective at restoring
                  | your health. [potion of mutation]
  1834 | D:5      | Gained mutation: You are somewhat resistant to further
                  | mutation. [potion of mutation]
  1837 | D:5      | Reached skill level 5 in Fighting
  1858 | D:5      | Found a transporter.
  1859 | D:5      | Noticed pantherbaby's ghost (novice GrFi)
  1860 | D:5      | Identified the +12 dire flail of the Distant Future {venom,
                  | +Blink rPois}
  1864 | D:5      | Found a transporter.
  1955 | D:5      | Reached skill level 1 in Shields
  2267 | D:5      | Found a staircase to the Ecumenical Temple.
  3018 | D:4      | Reached XP level 8. HP: 66/80 MP: 7/7
  3044 | D:4      | Found a runed translucent door.
  3045 | D:4      | Noticed Crazy Yiuf
  3233 | D:4      | Killed Crazy Yiuf
  3644 | D:6      | Found a glowing silver altar of Zin.
  3649 | D:6      | Found a sacrificial altar of Ru.
  3650 | D:6      | Found a shattered altar of Ashenzari.
  3663 | D:6      | Found a white marble altar of Elyvilon.
  3666 | D:6      | Found a blossoming altar of Fedhas.
  3848 | D:7      | Reached skill level 6 in Fighting
  3925 | D:7      | Reached skill level 5 in Unarmed Combat
  4026 | D:7      | Noticed a white ugly thing
  4029 | D:7      | HP: 1/83 [white ugly thing (46)]
  4046 | D:7      | Annihilated by a white ugly thing

Levels and vault maps discovered:
D:1:      nzn_arrival_crosshair, layout_loops_corners
D:2:      layout_basic, grunt_qazlal_clouds, xom_redecorated,
          nicolae_overflow_hidden_temple, first_ration
D:3:      minmay_evil_eye, layout_basic, uniq_natasha, uniq_robin
D:4:      layout_loops_ring, minivault_1, uniq_crazy_yiuf_cottage
D:5:      layout_loops_ring, minmay_temple_entry_fiery, gammafunk_ghost_smash,
          uniq_eustachio
D:6:      layout_basic, minmay_overflow_temple_star_hex, enter_ossuary_2
D:7:      layout_layer_cave, uniq_pikel, uniq_prince_ribbit1

Skill      XL: |  1  2  3  4  5  6  7  8 |
---------------+-------------------------+-----
Fighting       | 3 4 5 6 |  6.1
Armour         | 1 2 |  2.5
Dodging        | 3 4 |  4.6
Unarmed Combat | 4 5 |  5.0
Axes           | 1 2 |  2.9
Shields        | 1 |  1.6

Action                   |  1- 3 |  4- 6 |  7- 9 || total
-------------------------+-------+-------+-------++-------
Melee: Unarmed           |    75 |   115 |   194 ||   384
       Punch             |     1 |     2 |     5 ||     8
 Fire: Hunting sling     |       |       |     2 ||     2
Invok: Berserk           |     1 |     2 |     2 ||     5
       Trog's Hand       |       |       |     1 ||     1
  Use: Scroll            |       |     3 |     5 ||     8
       Potion            |       |       |     3 ||     3
 Stab: Sleeping          |       |     1 |       ||     1
  Eat: Chunk             |    10 |     1 |    13 ||    24
       Ration            |       |     1 |     4 ||     5
Armor: Animal skin       |    39 |    35 |    61 ||   135
Dodge: Dodged            |    47 |    36 |    86 ||   169
Block: Large shield      |       |     8 |     1 ||     9
